 Dungeon Crawl Stone Soup version 0.30-a0-793-g160f7cfddd (console) character file.

Game seed: 4584242987119723944

13858 jejorda2 the Impaler (level 12, -1/84 (94) HPs)
             Began as a Merfolk Berserker on Feb 19, 2023.
             Was a High Priest of Trog.
             Succumbed to Sonja's curare-tipped dart
             ... on level 11 of the Dungeon on Feb 20, 2023.
             The game lasted 00:31:26 (11844 turns).

jejorda2 the Impaler (Merfolk Berserker)           Turns: 11844, Time: 00:31:26

HP:   -1/84 (94)    AC: 17    Str: 22    XL:     12   Next: 10%
MP:   12/12         EV:  7    Int:  7    God:    Trog [*****.]
Gold: 394           SH: 12    Dex: 19    Spells: 11/11 levels left

rFire   + + .      SeeInvis .    a - +3 trident (freeze)
rCold   + + +      Faith    +    I - +2 shield of Resistance {rF++ rC++ Will++}
rNeg    . . .      Spirit   .    x - +1 plate armour {rC+}
rPois   .          Reflect  .    v - +1 helmet
rElec   .          Harm     .    (no cloak)
rCorr   .          Rampage  .    (no gloves)
Will    ++...                    p - +0 pair of boots {Stlth+} Stlth
                                 e - amulet of faith
HPRegen 0.34/turn                l - +6 ring of dexterity
MPRegen 0.13/turn                (no ring)

@: lethally poisoned (-1 -> -13), on berserk cooldown, slowed, heavily drained,
very slow
A: (nimble swimmer 2), mertail
a: Renounce Religion, Berserk, Trog's Hand, Brothers in Arms


You were on level 11 of the Dungeon.
You worshipped Trog.
Trog was extremely pleased with you.
You visited 1 branch of the dungeon, and saw 11 of its levels.
You also visited: Ossuary.

You collected 580 gold pieces.
You spent 186 gold pieces at shops.

Inventory:

Hand Weapons
 a - a +3 trident of freezing (weapon)
Missiles
 h - 113 stones
 o - 38 poisoned darts (quivered)
 r - 15 boomerangs
 y - 4 atropa-tipped darts
 H - a curare-tipped dart
Armour
 p - a +0 pair of boots of stealth (worn)
 v - a +1 helmet (worn)
 x - a +1 plate armour of cold resistance (worn)
 I - the +2 shield of Resistance (worn) {rF++ rC++ Will++}
   (You acquired it on level 10 of the Dungeon)

   rF:        It greatly protects you from fire.
   rC:        It greatly protects you from cold.
   Will:      It greatly increases your willpower.
Jewellery
 e - an amulet of faith (around neck)
 l - a +6 ring of dexterity (left hand)
Wands
 z - a wand of flame (3)
 D - a wand of polymorph (10)
 E - a wand of roots (9)
 G - a wand of paralysis (23)
Scrolls
 f - 2 scrolls of identify
 g - 3 scrolls of torment
 i - 4 scrolls of fear
 k - 9 scrolls of teleportation
 n - 2 scrolls of magic mapping
 u - 2 scrolls of poison
 w - 2 scrolls of enchant armour
 A - a scroll of enchant weapon
 F - 2 scrolls of blinking
 J - a scroll of immolation
Potions
 b - 5 potions of flight
 c - 3 potions of attraction
 d - 2 potions of invisibility
 j - 4 potions of curing
 m - 3 potions of lignification
 q - 2 potions of might
 s - 4 potions of mutation
 t - 3 potions of haste
 B - 7 potions of ambrosia
 C - a potion of cancellation


   Skills:
 + Level 8.8 Fighting
 - Level 17.6 Polearms
 - Level 6.0 Throwing
 - Level 6.0 Armour
 - Level 4.3 Dodging
 * Level 3.1 Shields
 + Level 4.1 Evocations


You had 11 spell levels left.
You didn't know any spells.
Your spell library was empty.

Dungeon Overview and Level Annotations

Branches:
Dungeon (11/15)            Temple (0/1) D:7            Lair (0/5) D:9
Ossuary (visited)
    Orc: D:9-12

Altars:
Cheibriados
Dithmenos
Fedhas
Gozag
Hepliaklqana
Makhleb
Okawaru
Sif Muna
Trog
Wu Jian
Xom
Yredelemnul
The Shining One

Shops:
D:1 (   D:3 ?   D:4 (   D:10 *

Annotations:
D:11 Sonja


Innate Abilities, Weirdness & Mutations

((You are very nimble when in or above water. (Stealth+, EV+, Speed+++)))
Your lower body shifts to a powerful aquatic tail in water.


Message History

Press: ? - help, Dir - move target, f/p - Sonja
Aim: Sonja, wielding a +2 dagger of draining and quivering curare-tipped darts (about 60% to evade your +3 trident of freezing)
You reach to attack!
You closely miss Sonja.
You feel sick.
Sonja throws a curare-tipped dart.
The curare-tipped dart hits you.
You are more poisoned.
You have difficulty breathing.
* * * LOW HITPOINT WARNING * * *
You feel as though you will be slow longer.
You block something's attack. The orc barely misses you.
Reach: a) +3 trident (freeze)
Press: ? - help, Dir - move target, f/p - Sonja
Aim: Sonja, wielding a +2 dagger of draining and quivering curare-tipped darts (about 60% to evade your +3 trident of freezing)
You reach to attack!
You completely miss Sonja.
* * * LOW HITPOINT WARNING * * *
You feel very sick.
You miss Sonja.
* * * LOW HITPOINT WARNING * * *
You feel very sick.
You block Sonja's attack. x2; Sonja hits you but does no damage.
You feel drained. Something hits you but does no damage.
The orc hits you but does no damage.
You impale Sonja!! You freeze Sonja.
Sonja is severely wounded.
* * * LOW HITPOINT WARNING * * *
You feel very sick.
Sonja shouts, "Some dancing partner you are!"
You block Sonja's attack. Sonja barely misses you.
Sonja hits you with a +2 dagger of draining.
* * * LOW HITPOINT WARNING * * *
You feel drained.
* * * LOW HITPOINT WARNING * * *
You block something's attack. The orc hits you but does no damage.
You block Sonja's attack. Sonja hits you but does no damage.
You feel drained. Sonja hits you but does no damage.
You feel drained.
You completely miss Sonja.
Sonja is severely wounded.
You are no longer berserk.
You are exhausted.
You feel as though you will be slow longer.
You die...

........##....##.#.. .#.#
.#.#.#.......##.#.. ......
#...............#..
#.#...#.#.#.####)#######..
.......#....## #....# #..
#.....#.#..$.# ####.####..
.............# #.......
......#÷.....# ###.....
......).{@...# #.#...
#.#.#..†oK...# #.#...
#....#......#### #.#...
#.#...#.........# #.#...
.... #.........# ###.#...
#.... #.........# #.......
..## #######...# #.......
.# #.....# #.......
#.....# #.....##


You could see Sonja and an orc (resistant).

Vanquished Creatures
  Pikel (D:4)
  A deep elf pyromancer (D:9)
  An ugly thing (D:9)
  2 cyclopes
  2 kobold demonologists (D:8)
  Maggie (D:6)
  2 unseen horrors
  An unseen horror zombie (D:10)
  A komodo dragon (D:11)
  A tengu conjurer (D:9)
  A queen bee (D:9)
  2 trolls
  2 hornets
  Grinder (D:4)
  A shadow (D:11)
  3 wraiths
  12 yaks
  A wyvern (D:7)
  Eustachio (D:4)
  A redback (D:11)
  3 steam dragons
  Menkaure (Ossuary)
  3 acid dragons
  A water moccasin (D:8)
  An ice beast (D:5)
  A black bear (D:7)
  6 orc warriors
  A sky beast (D:8)
  4 kobold brigands
  2 necrophages (D:6)
  3 bullfrogs
  An elf zombie (Ossuary)
  6 scorpions
  7 wights
  16 killer bees (D:9)
  8 howler monkeys
  2 centaur zombies
  4 orc priests
  3 hounds
  3 jellies
  6 iguanas
  Ijyb (D:3)
  7 orc wizards
  Natasha (thrice) (D:4)
  4 ogre zombies (Ossuary)
  6 mummies (Ossuary)
  4 gnolls (D:2)
  9 adders
  3 shadow imps
  2 white imps
  An ufetubus (D:5)
  2 adder zombies (Ossuary)
  2 worms
  4 dart slugs
  27 orcs
  10 ball pythons
  11 endoplasms
  5 giant cockroaches
  10 goblins
  A hobgoblin (D:4)
  5 jackals
  27 kobolds
  2 quokkas
  6 bats
  2 frilled lizards
  7 goblin zombies (Ossuary)
  7 hobgoblin zombies (Ossuary)
  2 kobold zombies (Ossuary)
  4 quokka zombies (Ossuary)
  7 rats
  2 rat zombies (Ossuary)
303 creatures vanquished.

Vanquished Creatures (others)
  2 fungi (D:1)
  A plant (D:1)
3 creatures vanquished.

Grand Total: 306 creatures vanquished

Notes
Turn   | Place    | Note
-------+----------+-------------------------------------------
     0 | D:1      | jejorda2 the Merfolk Berserker began the quest for the Orb.
     0 | D:1      | Reached XP level 1. HP: 18/18 MP: 1/1
    92 | D:1      | Reached XP level 2. HP: 22/24 MP: 2/2
   126 | D:1      | Found Fewa's Antique Weapon Emporium.
   278 | D:1      | Reached ** piety under Trog
   317 | D:1      | Reached XP level 3. HP: 29/29 MP: 3/3
   566 | D:1      | Found a faded altar of an unknown god.
   571 | D:1      | Reached skill level 5 in Polearms
   782 | D:2      | Reached XP level 4. HP: 19/37 MP: 4/4
  1179 | D:2      | Found an iron altar of Okawaru.
  1222 | D:2      | Reached XP level 5. HP: 42/42 MP: 5/5
  1313 | D:2      | Reached skill level 6 in Polearms
  1986 | D:3      | Noticed Ijyb
  2002 | D:3      | Killed Ijyb
  2308 | D:3      | Found The Oracle's Delphic Readings.
  2312 | D:3      | Bought a scroll of teleportation for 30 gold pieces
  2825 | D:4      | Reached XP level 6. HP: 49/49 MP: 6/6
  2892 | D:4      | Noticed Eustachio
  2924 | D:4      | Killed Eustachio
  2925 | D:4      | Reached skill level 7 in Polearms
  3021 | D:4      | Reached skill level 5 in Fighting
  3068 | D:4      | Noticed Natasha
  3077 | D:4      | Killed Natasha
  3078 | D:4      | Reached XP level 7. HP: 52/56 MP: 7/7
  3161 | D:4      | Noticed Grinder
  3161 | D:4      | Paralysed by Grinder for 4 turns
  3171 | D:4      | Found Ater's Weapon Shoppe.
  3178 | D:4      | Killed Grinder
  3179 | D:4      | Reached skill level 8 in Polearms
  3361 | D:4      | Noticed Pikel
  3400 | D:4      | Killed Pikel
  3401 | D:4      | Reached skill level 9 in Polearms
  3401 | D:4      | Reached XP level 8. HP: 40/64 MP: 8/8
  3696 | D:4      | Noticed Natasha
  3703 | D:4      | Killed Natasha
  3758 | D:4      | Noticed Natasha
  3767 | D:4      | Killed Natasha
  4180 | D:1      | Bought a runed trident for 156 gold pieces
  4224 | D:5      | Entered Level 5 of the Dungeon
  4224 | D:5      | Noticed a hornet
  4228 | D:5      | Killed a hornet
  4229 | D:5      | Reached skill level 10 in Polearms
  4327 | D:5      | Reached skill level 11 in Polearms
  4426 | D:5      | Found a sand-covered staircase.
  4438 | Ossuary  | Entered an ossuary
  4497 | Ossuary  | Reached XP level 9. HP: 61/69 MP: 9/9
  4532 | Ossuary  | Reached *** piety under Trog
  4790 | Ossuary  | Noticed Menkaure
  4799 | Ossuary  | Killed Menkaure
  4800 | Ossuary  | Reached skill level 12 in Polearms
  5048 | D:5      | Reached **** piety under Trog
  5916 | D:6      | Reached skill level 13 in Polearms
  6045 | D:6      | Reached skill level 5 in Armour
  6201 | D:6      | Found a burning altar of Makhleb.
  6267 | D:6      | Found an iron altar of Okawaru.
  6267 | D:6      | Noticed Maggie
  6280 | D:6      | Killed Maggie
  6281 | D:6      | Reached skill level 1 in Throwing
  6614 | D:7      | Found a blossoming altar of Fedhas.
  6659 | D:7      | Reached XP level 10. HP: 27/76 MP: 10/10
  6667 | D:7      | Reached skill level 14 in Polearms
  7052 | D:7      | Found a staircase to the Ecumenical Temple.
  7340 | D:8      | Noticed a cyclops
  7355 | D:8      | Killed a cyclops
  7737 | D:8      | Found a snail-covered altar of Cheibriados.
  7741 | D:8      | Noticed a kobold demonologist
  7745 | D:8      | Noticed a kobold demonologist
  7780 | D:8      | Found a shadowy altar of Dithmenos.
  7818 | D:8      | Noticed an orange demon
  7837 | D:8      | Noticed an orange demon
  7847 | D:8      | Killed a kobold demonologist
  7848 | D:8      | Reached skill level 15 in Polearms
  7865 | D:8      | Killed a kobold demonologist
  8210 | D:8      | Found a shimmering blue altar of Sif Muna.
  8356 | D:9      | Noticed a green ugly thing
  8397 | D:9      | Killed a green ugly thing
  8398 | D:9      | Reached skill level 16 in Polearms
  8398 | D:9      | Reached skill level 5 in Throwing
  8432 | D:9      | Reached XP level 11. HP: 40/81 MP: 11/11
  8599 | D:9      | Noticed a deep elf pyromancer
  8617 | D:9      | Killed a deep elf pyromancer
  8923 | D:9      | Reached skill level 17 in Polearms
  9089 | D:9      | Found a staircase to the Lair.
  9182 | D:9      | Reached ***** piety under Trog
  9241 | D:9      | Reached skill level 1 in Evocations
  9336 | D:9      | Found an ornate altar of the Wu Jian Council.
 10011 | D:10     | Entered Level 10 of the Dungeon
 10011 | D:10     | Found Irheott's General Store.
 10058 | D:10     | Found a hazy altar of Hepliaklqana.
 10357 | D:10     | Noticed a cyclops
 10375 | D:10     | Killed a cyclops
 10600 | D:10     | Found an opulent altar of Gozag.
 10610 | D:10     | Found a shimmering altar of Xom.
 10787 | D:10     | Found a basalt altar of Yredelemnul.
 10866 | D:10     | Found a bloodstained altar of Trog.
 10873 | D:10     | Found a glowing golden altar of the Shining One.
 10917 | D:10     | Identified a scroll of acquirement
 10917 | D:10     | Acquired the +2 shield of Resistance {rF++ rC++ Will++}
 10917 | D:10     | Found the +2 shield of Resistance {rF++ rC++ Will++}
 11263 | D:11     | Reached skill level 1 in Shields
 11430 | D:11     | Received a gift from Trog
 11519 | D:11     | Reached XP level 12. HP: 73/94 MP: 12/12
 11824 | D:11     | Noticed Sonja
 11843 | D:11     | HP: 4/132 [Sonja/+2 dagger of draining (4)]
 11844 | D:11     | Succumbed to Sonja's curare-tipped dart

Illustrated notes

Levels and vault maps discovered:
D:1:      wander_arrival_lonely_grave, layout_rooms, serial_shops,
          nicolae_shop_behind_doors, dilly_ecumenical_altar_fadedgnrine,
          dreamdust_mushroom_princess
D:2:      minmay_alternating_diamond, layout_loops_corners, basic_altar,
          supply_closet_lemuel, kennysheep_generic_room_15
D:3:      wad_crossroads, layout_basic, nicolae_nh_oracle_at_delphi, uniq_ijyb
D:4:      layout_layer_cave, serial_shops, shop, uniq_pikel, uniq_grinder,
          uniq_eustachio, uniq_natasha
D:5:      layout_cave_pods, enter_ossuary_1
D:6:      layout_loops_ring, mainiacjoe_overflow_alcove_4,
          makhleb_blood_cavern_becter, st_stairs_9, grunt_ministairs_6,
          uniq_maggie
D:7:      layout_cave_pools, amcnicky_altar_gilded,
          minmay_temple_entry_mini_moons
D:8:      layout_cave_pools, nicolae_sif_muna_condensation, lemuel_tele_altar,
          kennysheep_mini, minmay_crossroads
D:9:      cheibrodos_fzero, layout_loops_ring, mainiacjoe_overflow_24_doors,
          lair_entry_dummy, special_room [special_room_bee]
D:10:     layout_irregular_city, mainiacjoe_overflow_swirl,
          lemuel_zombie_altar_yredelemnul, mainiacjoe_overflow_alcove_1,
          minitemple, serial_shops, shop
D:11:     layout_basic, hangedman_decor_riveting, hangedman_corner_corridor,
          uniq_gastronok, uniq_sonja

Skill      XL: |  1  2  3  4  5  6  7  8  9 10 11 12 |
---------------+-------------------------------------+-----
Dodging        | 3 4 |  4.3
Polearms       | 5 6 7 9 11 13 16 17 | 17.6
Fighting       | 4 5 6 8 |  8.8
Armour         | 2 3 4 5 6 |  6.0
Throwing       | 2 5 6 |  6.0
Evocations     | 3 4 |  4.1
Shields        | 2 3 |  3.1

Action                     |  1- 3 |  4- 6 |  7- 9 | 10-12 || total
---------------------------+-------+-------+-------+-------++-------
  Melee: Spear             |   117 |    99 |       |       ||   216
         Punch             |       |     1 |     2 |     5 ||     8
         Trident           |       |   104 |   297 |   542 ||   943
  Throw: Stone             |       |     3 |     4 |       ||     7
         Dart              |       |       |       |     5 ||     5
 Invoke: Berserk           |     1 |     2 |     7 |     9 ||    19
         Trog's Hand       |       |     2 |     6 |     4 ||    12
         Brothers in Arms  |       |       |       |     1 ||     1
  Evoke: Wand              |       |       |       |     3 ||     3
    Use: Scroll            |       |       |    23 |     5 ||    28
         Potion            |       |       |       |     1 ||     1
   Stab: Sleeping          |       |     1 |       |       ||     1
         Paralysed         |       |       |       |     4 ||     4
 Armour: Animal skin       |    12 |       |       |       ||    12
         Ring mail         |     1 |    20 |       |       ||    21
         Plate armour      |       |    49 |    57 |   255 ||   361
         Chain mail        |       |       |       |     7 ||     7
  Dodge: Dodged            |    41 |    88 |    41 |   109 ||   279
  Block: Kite shield       |       |       |       |    46 ||    46

Table legend: (Time is in decaauts)
 A = Elapsed time spent in this place.
 B = Non-inter-level travel time spent in this place.
 C = Inter-level travel time spent in this place.
 D = Time resting spent in this place.
 E = Time spent auto-exploring this place.
 F = Levels seen in this place.
 G = Mean time per level.
                   A        B        C        D        E       F      G
               +--------+--------+--------+--------+--------+-----+--------+
         Total |  11719 |  11245 |    474 |   1141 |   7815 |  12 |  976.6 |
       Dungeon |  11258 |  10784 |    474 |   1095 |   7538 |  11 | 1023.5 |
       Ossuary |    460 |    460 |      0 |     45 |    277 |   1 |  460.0 |
               +--------+--------+--------+--------+--------+-----+--------+

Top non-repeatable levels by time:
     D:9: 1648 daAuts
     D:4: 1402 daAuts
     D:2: 1115 daAuts
    D:10: 1081 daAuts
     D:3: 998 daAuts
     D:5: 975 daAuts
     D:8: 958 daAuts
     D:6: 869 daAuts
     D:7: 758 daAuts
     D:1: 728 daAuts
    D:11: 722 daAuts
 Ossuary: 460 daAuts
